 Dungeon Crawl Stone Soup version 0.18.1-50-g88ac8fd (webtiles) character file.

106 wolfsongas the Skirmisher (level 4, 0/35 HPs)
             Began as a Mummy Fighter on May 1, 2017.
             Killed from afar by Natasha (6 damage)
             ... with a magic dart
             ... on level 3 of the Dungeon.
             The game lasted 00:14:49 (3307 turns).

wolfsongas the Skirmisher (Mummy Fighter)           Turns: 3307, Time: 00:14:50

Health: 0/35       AC:  9    Str: 20    XL:     4   Next: 55%
Magic:  4/4        EV:  4    Int:  7    God:
Gold:   135        SH: 12    Dex: 11    Spells: 0 memorised, 3 levels left

rFire  x . .     SeeInvis .     a - +0 long sword
rCold  + . .     Gourm    .     i - +1 scale mail
rNeg   + + +     Faith    .     c - +0 shield
rPois  ∞         Spirit   .     (no helmet)
rElec  .         Dismiss  .     b - +1 cloak
rCorr  .         Reflect  +     (no gloves)
SustAt .         Harm     .     (no boots)
MR     .....     Rnd*Tele +     h - +3 amulet of reflection
Stlth  ..........               k - ring of teleportation
                                j - -3 ring of evasion

@: not resistant to hostile enchantments, extremely unstealthy
A: no food or potions, fire vulnerability, cold resistance 1, negative energy
resistance 3, torment resistance, unbreathing
a: no special abilities


You were on level 3 of the Dungeon.
You were not hungry.

You visited 1 branch of the dungeon, and saw 3 of its levels.

You collected 135 gold pieces.

Inventory:

Hand Weapons
 a - a +0 long sword (weapon)
Missiles
 f - a throwing net (quivered)
Armour
 b - a +1 cloak (worn)
 c - a +0 shield (worn)
 i - a +1 scale mail (worn)
Jewellery
 e - an uncursed ring of wizardry
 h - a +3 amulet of reflection (around neck)
 j - a -3 ring of evasion (left hand)
 k - a ring of teleportation (right hand)
Potions
 g - a potion of berserk rage {unknown}
Comestibles
 d - 6 fruits


   Skills:
 + Level 3.3 Fighting
 + Level 1.9 Long Blades
 + Level 2.8 Armour
 + Level 1.5 Dodging
 + Level 3.2 Shields


You had 3 spell levels left.
You didn't know any spells.

Dungeon Overview and Level Annotations

Branches:
Dungeon (3/15)

Altars:
Elyvilon

Annotations:
D:3 Natasha


Innate Abilities, Weirdness & Mutations

You do not eat or drink.
Your flesh is vulnerable to fire.
You are immune to poison.
Your flesh is cold resistant.
You are immune to negative energy.
You are immune to unholy pain and torment.
You can survive without breathing.


Message History

Natasha claws you but does no damage.
You hit the orc but do no damage.
The orc is lightly wounded.
You block Natasha's attack. You block the orc's attack.
Natasha barely misses you.
Your shield and scale mail prevent you from hitting the orc.
The orc is lightly wounded.
The orc hits you but does no damage.
Natasha hisses.
Natasha barely misses you. The orc hits you but does no damage.
You closely miss the orc.
The orc is lightly wounded.
Natasha completely misses you. The orc hits you but does no damage.
You block Natasha's attack.
You closely miss the orc.
The orc is lightly wounded.
You block the orc's attack.
Natasha stares at you and mumbles some strange words.
The magic dart hits you!
You die...

##.........###.##
####....<###......# .#
..............##### (#
###........##<# #o##
#........##.# ...#
##..........## ...#
##..........# $..#
####.##.#..####(..####
#........@o(.......
#.##......h........
......##............
###.##.##.####...####
#.......# ...# #...###
...# #... =..#
#######.##### #.## #
#...##......#####.


You could see Natasha and an orc.

Vanquished Creatures
  5 adders (D:2)
  An ooze (D:2)
  2 worms (D:2)
  3 giant geckos
  A ball python (D:2)
  6 bats (D:1)
  A giant cockroach (D:2)
  5 goblins
  5 hobgoblins
  3 jackals (D:1)
  6 kobolds
  2 quokkas (D:2)
  3 giant newts
  3 rats
46 creatures vanquished.

Vanquished Creatures (others)
  A goblin (D:2)
1 creature vanquished.

Grand Total: 47 creatures vanquished

Notes
Turn   | Place    | Note
--------------------------------------------------------------
     0 | D:1      | wolfsongas the Mummy Fighter began the quest for the Orb.
     0 | D:1      | Reached XP level 1. HP: 18/18 MP: 1/1
   392 | D:1      | Reached XP level 2. HP: 21/24 MP: 2/2
   704 | D:1      | Reached skill level 1 in Dodging
  1215 | D:2      | Found a white marble altar of Elyvilon.
  1301 | D:2      | Reached XP level 3. HP: 15/29 MP: 3/3
  1902 | D:2      | Reached XP level 4. HP: 20/35 MP: 4/4
  3282 | D:3      | Noticed Natasha
  3307 | D:3      | Killed from afar by Natasha

Skill      XL: |  1  2  3 |
---------------+----------+-----
Dodging        | 1 |  1.5
Shields        | 3 |  3.2
Fighting       | |  3.3
Long Blades    | |  1.9
Armour         | |  2.8

Action                   |  1- 3 |  4- 6 || total
-------------------------+-------+-------++-------
Melee: Long sword        |   139 |    83 ||   222
  Use: Scroll            |     4 |     5 ||     9
Armor: Scale mail        |   116 |    48 ||   164
Dodge: Dodged            |    68 |    18 ||    86
Block: Shield            |   116 |    74 ||   190
       Reflection        |     2 |     6 ||     8
